 Dungeon Crawl Stone Soup version 0.31-a0-986-g5e6e4ef867 (webtiles) character file.

Game seed: 11509697900411766347

3012 porpoise the Vexing (level 9, 0/53 (64) HPs)
             Began as a Demonspawn Enchanter on Nov 7, 2023.
             Was a Believer of Nemelex Xobeh.
             Slain by a wight
             ... wielding a +3 flail
              (6 damage)
             ... on level 8 of the Dungeon on Nov 8, 2023.
             The game lasted 00:41:19 (7812 turns).

porpoise the Vexing (Demonspawn Enchanter)          Turns: 7812, Time: 00:41:22

HP:   0/53 (64)     AC: 10    Str:  8    XL:     9   Next: 55%
MP:   16/16         EV: 12    Int: 19    God:    Nemelex Xobeh [**....]
Gold: 1020          SH:  0    Dex: 16    Spells: 13/18 levels left

rFire   . . .        b - +2 short sword (venom)
rCold   . . .        (no shield)
rNeg    . . .        H - +0 steam dragon scales
rPois   +            (no helmet)
rElec   .            u - +0 cloak
rCorr   .            (no gloves)
SInv    .            L - +0 pair of boots {Fly}
Will    +....        D - amulet of regeneration
Stlth   ++           f - ring of poison resistance
HPRegen 1.08/turn    O - ring of willpower
MPRegen 0.30/turn

%: no passive effects
@: about to teleport, flying, heavily drained
A: yellow scales 2, foul stench 1, magic regeneration, weakness stinger 2
a: Renounce Religion, Draw Escape, Draw Destruction, Draw Summoning


You were on level 8 of the Dungeon.
You worshipped Nemelex Xobeh.
Nemelex Xobeh was pleased with you.
You visited 1 branch of the dungeon, and saw 8 of its levels.
You also visited: Bailey.

You collected 1020 gold pieces.

Inventory:

Hand Weapons
 a - the +8 whip "Snakebite" {venom, curare, rPois}
   (You found it on level 5 of the Dungeon)

   rPois:     It protects you from poison
 b - a +2 short sword of venom (weapon)
 J - a +1 dagger of draining
Missiles
 e - 17 boomerangs
 j - 16 poisoned darts (quivered)
 l - 4 atropa-tipped darts
 F - a throwing net
Armour
 u - a +0 cloak (worn)
 H - +0 steam dragon scales (worn)
 L - a +0 pair of boots of flying (worn)
Magical Staves
 K - a staff of fire
Jewellery
 f - a ring of poison resistance (left hand)
 r - an amulet of faith
 s - a ring of ice
 D - an amulet of regeneration (around neck)
 O - a ring of willpower (right hand)
Wands
 p - a wand of polymorph (18)
 x - a wand of flame (23)
 z - a wand of paralysis (2)
Scrolls
 g - a scroll of vulnerability
 h - 3 scrolls of teleportation
 i - a scroll of silence {unknown}
 m - a scroll of noise
 o - a scroll of amnesia {unknown}
 q - a scroll of enchant armour {unknown}
 y - a scroll of blinking {unknown}
 B - a scroll of fog {unknown}
 C - a scroll of butterflies {unknown}
 G - a scroll of brand weapon
 M - a scroll of identify
 P - a scroll of poison {unknown}
Potions
 c - 2 potions of invisibility
 d - a potion of magic
 k - 6 potions of attraction
 n - 5 potions of enlightenment
 t - 3 potions of curing
 v - 3 potions of haste
 w - a potion of ambrosia
 A - a potion of lignification
 E - a potion of resistance
Miscellaneous
 N - a tin of tremorstones (2/2)


   Skills:
 * Level 3.6 Fighting
 - Level 4.5 Short Blades
 * Level 5.2 Maces & Flails
 - Level 1.7 Dodging
 - Level 2.6 Stealth
 - Level 5.0 Spellcasting
 - Level 7.0 Hexes
 - Level 3.0 Ice Magic
 + Level 6.2 Invocations


You had 13 spell levels left.
You knew the following spells:

 Your Spells              Type           Power      Damage    Failure   Level
a - Confusing Touch       Hex            31%        N/A       1%          3
e - Ensorcelled Hibernat  Hex/Ice        46%        N/A       2%          2

Your spell library contained the following spells:

 Spells                   Type           Power      Damage    Failure   Level
 Tukima's Dance           Hex            31%        N/A       1%          3
 Dazzling Flash           Conj/Hex       36%        N/A       9%          3
 Kiss of Death            Conj/Necr      16%        2d6       12%         1
 Blink                    Tloc           8%         N/A       19%         2
 Lesser Beckoning         Tloc           8%         N/A       19%         2
 Momentum Strike          Conj/Tloc      8%         3d8       19%         2
 Dispel Undead            Necr           4%         3d7       77%         4


Dungeon Overview and Level Annotations

Branches:
Dungeon (8/15)             Temple (0/1) D:5          Bailey (visited)
   Lair: D:8-11

Altars:
Ashenzari
Nemelex Xobeh
Ru
Sif Muna
Trog
Yredelemnul

Annotations:
D:4 exclusion: upstairs
D:5 exclusion: door


Innate Abilities, Weirdness & Mutations

You are mostly covered in yellow scales. (AC +3)
You may rarely emit foul miasma when damaged in melee.
You regenerate magic rapidly.
You have a tail ending in a sharp stinger.


Message History

The wight attacks as it pursues you! The wight closely misses you.
You draw a card...
You have drawn the Dance.
The wight misses you.
You draw a card...
You have drawn Pain.
Press: ? - help, Shift-Dir - straight line, f - wight
Aim: a wight, wielding a +0 falchion and wearing a +0 robe (moderately damaged)
The wight is unaffected.
The wight misses you. The wight barely misses you.
The wight attacks as it pursues you! The wight hits you with a +3 flail!
Your +0 hand axe of Ysiky {drain, Fragile rElec Str-3 SInv} hits the wight.
You draw a card...
You have drawn Pain.
Press: ? - help, Shift-Dir - straight line, f/p - wight
Aim: a wight, wielding a +0 falchion and wearing a +0 robe (moderately damaged)
The bolt of negative energy hits the wight.
The wight completely resists.
The wight is moderately damaged.
The bolt of negative energy hits the wight.
The wight completely resists.
The wight is moderately damaged.
The wight hits you with a +3 flail.
Your +0 hand axe of Ysiky {drain, Fragile rElec Str-3 SInv} hits the wight.
The wight closely misses you.
The wight hits your +0 hand axe of Ysiky {drain, Fragile rElec Str-3 SInv} with a +0 hand axe.
Your +0 hand axe of Ysiky {drain, Fragile rElec Str-3 SInv} hits the wight!
The wight attacks as it pursues you! The wight hits you with a +0 hand axe.
The wight hits you with a +3 flail.
* * * LOW HITPOINT WARNING * * *
Okay, then.
As you read the scroll of teleportation, it crumbles to dust.
You feel strangely unstable. The wight hits you with a +0 hand axe.
* * * LOW HITPOINT WARNING * * *
You feel drained.
You emit a cloud of foul miasma!
The wight misses you. The wight barely misses you.
The wight attacks as it pursues you! The wight hits you with a +0 falchion.
* * * LOW HITPOINT WARNING * * *
You feel drained.
* * * LOW HITPOINT WARNING * * *
The wight attacks as it pursues you! The wight hits you with a +3 flail.
You die...
Your body glows slightly and disappears.

#.........#.....#
#.........'.....#
#.........#.....#
#........########
#........#
#.....(..#
#.....☼..#
#.....zzz#
#......@.#
#........##
#.........#
#.........#
#.........#
#.........#
#.........#
#.........#
#.(.......#


You could see 3 wights and a friendly +0 hand axe of Ysiky {drain, Fragile rElec
Str-3 SInv} (summoned).

Vanquished Creatures
  An orc knight (Bailey)
  Grinder (D:4)
  A steam dragon (D:6)
  2 sky beasts
  5 orc warriors (Bailey)
  An ice beast (D:6)
  3 black bears
  3 ogres
  A kobold brigand (D:6)
  2 scorpions
  A howler monkey (D:4)
  2 hounds
  An orc priest (D:3)
  Crazy Yiuf (D:5)
  2 sleepcaps
  Natasha (thrice) (D:2)
  3 iguanas
  2 orc wizards
  9 adders
  10 gnolls
  2 shadow imps
  2 white imps
  A worm (D:3)
  3 dart slugs
  15 orcs
  2 ball pythons (D:4)
  5 bats
  5 endoplasms
  17 hobgoblins
  8 jackals (D:1)
  3 quokkas
  A frilled lizard (D:3)
  11 goblins
  21 kobolds
  6 rats
156 creatures vanquished.

Notes
Turn   | Place    | Note
-------+----------+-------------------------------------------
     0 | D:1      | porpoise the Demonspawn Enchanter began the quest for the
                  | Orb.
     0 | D:1      | Reached XP level 1. HP: 13/13 MP: 3/3
   181 | D:1      | Reached skill level 1 in Short Blades
   331 | D:1      | Gained mutation: You are partially covered in yellow
                  | scales. (AC +2) [demonic ancestry]
   331 | D:1      | Reached XP level 2. HP: 3/19 MP: 5/5
   471 | D:1      | Learned a level 2 spell: Ensorcelled Hibernation
   481 | D:1      | Found a faded altar of an unknown god.
   672 | D:1      | Gained mutation: You are mostly covered in yellow scales.
                  | (AC +3) [demonic ancestry]
   672 | D:1      | Reached XP level 3. HP: 13/24 MP: 6/6
   722 | D:1      | Learned a level 3 spell: Confusing Touch
  1407 | D:2      | Noticed Natasha
  1418 | D:2      | Killed Natasha
  1419 | D:2      | Reached skill level 1 in Ice Magic
  1419 | D:2      | Gained mutation: You may rarely emit foul miasma when
                  | damaged in melee. [demonic ancestry]
  1419 | D:2      | Reached XP level 4. HP: 24/30 MP: 4/7
  1487 | D:2      | Noticed Natasha
  1506 | D:2      | Killed Natasha
  1598 | D:2      | Noticed Natasha
  1652 | D:2      | Reached skill level 4 in Hexes
  1835 | D:2      | Killed Natasha
  1836 | D:2      | Reached XP level 5. HP: 25/35 MP: 3/8
  2185 | D:3      | Noticed an ogre
  2194 | D:3      | Killed an ogre
  2380 | D:3      | Found a large runed translucent door.
  2744 | D:3      | Found a large runed translucent door.
  2777 | D:3      | Gained mutation: You have a small tail. [demonic ancestry]
  2777 | D:3      | Reached XP level 6. HP: 14/41 MP: 1/9
  2945 | D:3      | Found a faded altar of an unknown god.
  2949 | D:3      | Found a sacrificial altar of Ru.
  3205 | D:3      | Found a sparkling altar of Nemelex Xobeh.
  3226 | D:3      | Became a worshipper of Nemelex Xobeh the Trickster
  3459 | D:4      | Noticed Grinder
  3472 | D:4      | Reached skill level 1 in Invocations
  3478 | D:4      | Found a bloodstained altar of Trog.
  3481 | D:4      | Killed Grinder
  3482 | D:4      | Reached skill level 5 in Hexes
  3482 | D:4      | Gained mutation: You have a tail ending in a sharp stinger.
                  | [demonic ancestry]
  3482 | D:4      | Reached XP level 7. HP: 21/46 MP: 2/11
  4142 | D:4      | Found a basalt altar of Yredelemnul.
  4177 | D:5      | Identified the "Narem"
  4177 | D:5      | Entered Level 5 of the Dungeon
  4229 | D:5      | Reached * piety under Nemelex Xobeh
  4524 | D:5      | Found a staircase to the Ecumenical Temple.
  4700 | D:5      | Found the +8 whip "Snakebite" {venom, curare, rPois}
  4704 | D:5      | Received a gift from Nemelex Xobeh
  4858 | D:5      | Found a runed translucent door.
  4859 | D:5      | Noticed Crazy Yiuf
  4867 | D:5      | Killed Crazy Yiuf
  5190 | D:5      | Found a shimmering blue altar of Sif Muna.
  5556 | D:6      | Reached skill level 6 in Hexes
  5556 | D:6      | Reached XP level 8. HP: 52/52 MP: 13/13
  5578 | D:6      | Reached skill level 1 in Maces & Flails
  5817 | D:6      | Reached ** piety under Nemelex Xobeh
  6426 | D:7      | Found a flagged portal.
  6454 | Bailey   | Entered a bailey
  6472 | Bailey   | Noticed an orc knight
  6506 | Bailey   | HP: 1/52 [orc knight/+0 war axe (16)]
  6509 | Bailey   | Killed an orc knight
  6510 | Bailey   | Reached skill level 5 in Spellcasting
  6510 | Bailey   | Reached skill level 7 in Hexes
  6510 | Bailey   | Reached skill level 5 in Invocations
  6510 | Bailey   | Gained mutation: You regenerate magic rapidly. [demonic
                  | ancestry]
  6510 | Bailey   | Reached XP level 9. HP: 2/57 MP: 5/16
  6701 | Bailey   | Reached skill level 1 in Fighting
  7223 | D:7      | Found a broken altar of Ashenzari.
  7253 | D:7      | Received a gift from Nemelex Xobeh
  7289 | D:7      | Reached skill level 5 in Maces & Flails
  7783 | D:8      | Received a gift from Nemelex Xobeh
  7805 | D:8      | Identified the +0 hand axe of Ysiky {drain, Fragile rElec
                  | Str-3 SInv}
  7812 | D:8      | Slain by a wight

Illustrated notes

Levels and vault maps discovered:
D:1:      evilmike_arrival_rings, layout_basic, ebering_ecumenical_altar_hall
D:2:      layout_rooms, uniq_natasha
D:3:      layout_basic, nicolae_overflow_ecumenical_swirl,
          jmf_multi_god_temple2, st_stairs_2, kennysheep_big_empty_room,
          hex_intersection
D:4:      cheibrodos_helix_gallery, layout_loops_cross, lemuel_tele_altar,
          mainiacjoe_overflow_boulevard, uniq_grinder
D:5:      layout_basic, led_sif_book, minmay_temple_entry_gardened_gates,
          nicolae_elevator_lobby_asterisk, uniq_crazy_yiuf_cottage
D:6:      layout_loops_ring
D:7:      layout_cave_pools, mainiacjoe_overflow_surrounded_room, enter_bailey_3
D:8:      layout_gridville, nicolae_overflow_crystal_walls, chei_slow_surprise

Skill      XL: |  1  2  3  4  5  6  7  8  9 |
---------------+----------------------------+-----
Short Blades   | 1 2 3 4 |  4.5
Ice Magic      | 1 2 3 |  3.0
Hexes          | 4 5 6 7 |  7.0
Invocations    | 1 3 5 6 |  6.2
Spellcasting   | 3 5 |  5.0
Maces & Flails | 3 5 |  5.2
Fighting       | 3 |  3.6
Dodging        | |  1.7
Stealth        | |  2.6

Action                     |  1- 3 |  4- 6 |  7- 9 || total
---------------------------+-------+-------+-------++-------
  Melee: Dagger            |   187 |   135 |    39 ||   361
         Punch             |     2 |     3 |     3 ||     8
         Tailslap          |       |    13 |    39 ||    52
         Whip              |       |       |   157 ||   157
         Short sword       |       |       |    53 ||    53
  Throw: Dart              |     1 |       |     4 ||     5
         Boomerang         |       |       |    16 ||    16
   Cast: Ensorcelled Hiber |     1 |    20 |    10 ||    31
         Confusing Touch   |       |     2 |     5 ||     7
 Invoke: Draw Destruction  |       |       |     4 ||     4
         Draw Summoning    |       |       |     1 ||     1
    Use: Potion            |     1 |     1 |     1 ||     3
         Scroll            |       |     3 |    14 ||    17
   Stab: Invisible         |     1 |       |       ||     1
         Sleeping          |     4 |    17 |     4 ||    25
         Confused          |       |     3 |     6 ||     9
         Distracted        |       |       |     1 ||     1
 Armour: Robe              |    92 |    66 |    66 ||   224
         Skin              |       |     3 |       ||     3
         Steam dragon scal |       |       |   110 ||   110
  Dodge: Dodged            |   136 |    52 |   158 ||   346

Table legend: (Time is in decaauts)
 A = Elapsed time spent in this place.
 B = Non-inter-level travel time spent in this place.
 C = Inter-level travel time spent in this place.
 D = Time resting spent in this place.
 E = Time spent auto-exploring this place.
 F = Levels seen in this place.
 G = Mean time per level.
                   A        B        C        D        E       F      G
               +--------+--------+--------+--------+--------+-----+--------+
         Total |   7752 |   7622 |    130 |   1830 |   4016 |   9 |  861.3 |
       Dungeon |   7231 |   7101 |    130 |   1759 |   3869 |   8 |  903.9 |
        Bailey |    521 |    521 |      0 |     71 |    147 |   1 |  521.0 |
               +--------+--------+--------+--------+--------+-----+--------+

Top non-repeatable levels by time:
     D:3: 1360 daAuts
     D:5: 1246 daAuts
     D:1: 1230 daAuts
     D:6: 962 daAuts
     D:4: 903 daAuts
     D:7: 688 daAuts
     D:2: 648 daAuts
  Bailey: 521 daAuts
     D:8: 191 daAuts
